 Dungeon Crawl Stone Soup version 0.28.0-45-g0d030f2227 (webtiles) character file.

Game seed: 18021839435995927576

3 101zpm the Insei (level 1, -1/17 HPs)
             Began as a Djinni Transmuter on Apr 10, 2022.
             Slain by a quokka (3 damage)
             ... on level 2 of the Dungeon.
             The game lasted 00:00:46 (154 turns).

101zpm the Insei (Djinni Transmuter)                 Turns: 154, Time: 00:00:46

Health: -1/17      AC:  2    Str:  9    XL:     1   Next: 55%
Gold:   0          EV: 12    Int: 14    God:
                   SH:  0    Dex: 13

rFire   + + .      SeeInvis .     - Unarmed
rCold   x . .      Faith    .   (no shield)
rNeg    . . .      Spirit   .   a - +0 robe
rPois   ∞          Reflect  .   (helmet currently unavailable)
rElec   .          Harm     .   (no cloak)
rCorr   .          Rampage  .   (no gloves)
Will    .....                   (boots unavailable)
Stlth   +.........              (no amulet)
HPRegen 0.05/turn               (no ring)
MPRegen 0.00/turn               (no ring)

@: appendages, flying
A: horns 2, flying, sickness immunity, fire resistance 2, cold vulnerability 1,
float, innate caster, HP casting, extra vitality 1
a: End Transformation


You were on level 2 of the Dungeon.
You had temporarily grown beastly horns.
You visited 1 branch of the dungeon, and saw 2 of its levels.

Inventory:

Armour
 a - a +0 robe (worn)
Scrolls
 b - a scroll of summoning {unknown}


   Skills:
 + Level 1.0 Fighting
 + Level 2.2 Dodging
 + Level 3.1 Unarmed Combat
 + Level 1.6 Spellcasting


You couldn't memorise any spells.
You knew the following spells:

 Your Spells              Type           Power      Damage    Failure   Level
a - Beastly Appendage     Tmut           10%        N/A       13%         1
b - Wereblood             Tmut           5%         N/A       19%         2
c - Spider Form           Tmut/Pois      5%         N/A       36%         3
d - Ice Form              Ice/Tmut       5%         N/A       77%         4
Your spell library was empty.

Dungeon Overview and Level Annotations

Branches:
Dungeon (2/15)

Altars:


Innate Abilities, Weirdness & Mutations

You have temporarily grown beastly horns.
You are flying.
You are immune to sickness and miasma.
You are immune to poison.
Your flesh is very heat resistant. (rF++)
You are vulnerable to cold. (rC-)
You float through the air rather than walking.
You learn spells naturally, not from books.
Your magical power is your life essence.
You have superior vitality. (+4 MHP)


Message History

You hit the hobgoblin but do no damage.
The hobgoblin is severely wounded.
Your transformation is almost over.
The hobgoblin hits you but does no damage.
You hit the hobgoblin.
You kill the hobgoblin!
Your horns disappear.
HP restored.
b - a scroll labelled EVIYVEMUKK A rat comes into view.
Casting: Beastly Appendage (safe; 13% risk of failure)
Confirm with . or Enter, or press ? or * to list all spells.
You grow a pair of large bovine horns.
The helpless rat fails to defend itself.
You hit the rat but do no damage.
Your transformation is almost over.
The rat closely misses you.
You hit the rat.
The rat is heavily wounded.
The rat bites you.
You hit the rat.
You kill the rat!
Your horns disappear.
A goblin comes into view. It is wielding a +0 club.
The goblin shouts!
The goblin barely misses you.
A quokka comes into view.
Casting: Beastly Appendage (safe; 13% risk of failure)
Confirm with . or Enter, or press ? or * to list all spells.
You grow a pair of large bovine horns.
The goblin hits you with a +0 club.
You closely miss the goblin. You headbutt the goblin.
You kill the goblin!
You barely miss the quokka. The quokka barely misses you.
You hit the quokka but do no damage. The quokka bites you.
You closely miss the quokka. The quokka bites you. x2
* * * LOW HITPOINT WARNING * * *
You closely miss the quokka. The quokka bites you.
* * * LOW HITPOINT WARNING * * *
You closely miss the quokka. The quokka bites you.
You die...

.# .# .# .#
.# .#
#####.#.#
#...@r.#
#.###.#.# #.#
.# #.# #.#
#######.# #..
#.......###.#
.#
#.#######...#
#.# #.# #.#.#
#.# #.# #.#.#
#.#


You could see a quokka.

Vanquished Creatures
  A goblin (D:2)
  A hobgoblin (D:2)
  A rat (D:2)
3 creatures vanquished.

Notes
Turn   | Place    | Note
-------+----------+-------------------------------------------
     0 | D:1      | 101zpm the Djinni Transmuter began the quest for the Orb.
     0 | D:1      | Reached XP level 1. HP: 17/17 MP: 0/0
   154 | D:2      | Slain by a quokka

Illustrated notes

Levels and vault maps discovered:
D:1:      shiori_arrival_maze, layout_rooms, chequers_serial_rivers_large_b
D:2:      layout_loops_ring, uniq_jessica, uniq_robin

Action                   || total
-------------------------++-------
Melee: Unarmed           ||    15
       Headbutt          ||     2
 Cast: Beastly Appendage ||     3
 Stab: Sleeping          ||     1
Armor: Robe              ||     1
Dodge: Dodged            ||     6
